 Dungeon Sprint DCSS version 0.22.1-2-g9c5b331 (webtiles) character file.

1490 diana the Basher (level 8, -6/135 HPs)
             Began as a Naga Berserker on Dec 1, 2018.
             Was a High Priest of Trog.
             Mangled by Urug
             ... wielding a +1 demon trident of draining
              (12 damage)
             ... in the Dungeon (Sprint IX: "|||||||||||||||||||||||||||||").
             The game lasted 00:02:35 (806 turns).

diana the Basher (Naga Berserker)                    Turns: 806, Time: 00:02:36

Health: -6/135     AC:  8    Str: 26    XL:     8   Next: 80%
Magic:  2/2        EV: 12    Int: 11    God:    Trog [*****.]
Gold:   0          SH:  0    Dex: 11    Spells: 7/7 levels left

rFire    . . .     SeeInvis +   b - +6 dire flail (antimagic)
rCold    . . .     Gourm    .   (shield currently unavailable)
rNeg     . . .     Faith    .   p - +1 scale mail
rPois    +         Spirit   .   (no helmet)
rElec    .         Reflect  .   n - +0 cloak
rCorr    .         Harm     .   (no gloves)
MR       +++..     NoTele   +   (no barding)
Stlth    ..........             (no amulet)
HPRegen  1.32/turn              r - +2 ring of evasion
MPRegen  0.08/turn              q - +3 ring of intelligence

@: berserking, starving, regenerating, heavily drained, quick
A: large, see invisible, deformed body, poison resistance, slowness 2, slow
metabolism 1, spit poison 1, AC +2
a: Spit Poison, Berserk, Trog's Hand, Brothers in Arms, Renounce Religion


You were in the Dungeon.
You worshipped Trog.
Trog was extremely pleased with you.
You were starving.

You visited 1 branch

Inventory:

Hand Weapons
 a - a +0 mace
 b - a +6 antimagic dire flail (weapon)
 m - a +2 morningstar of crushing
Armour
 n - a +0 cloak (worn)
 p - a +1 scale mail (worn)
Jewellery
 q - a +3 ring of intelligence (right hand)
 r - a +2 ring of evasion (left hand)
Wands
 l - a wand of iceblast (10)
Scrolls
 i - 2 scrolls of blinking
 k - 3 scrolls of remove curse
Potions
 d - 5 potions of curing
 e - 3 potions of heal wounds
 f - a potion of haste
 g - 4 potions of magic
 h - a potion of berserk rage
 j - a potion of invisibility
Comestibles
 c - a ration


   Skills:
 - Level 11.3(9.2) Fighting
 * Level 12.4(10.2) Maces & Flails
 - Level 5.4(3.6) Armour
 - Level 6.2(4.3) Dodging
 - Level 0.2(0.0) Stealth


You had 7 spell levels left.
You didn't know any spells.
Your spell library was empty.

Dungeon Overview and Level Annotations

Branches:
Dungeon (1/1)

Altars:
Cheibriados
Dithmenos
Elyvilon
Fedhas
Gozag
Hepliaklqana
Kikubaaqudgha
Makhleb
Nemelex Xobeh
Okawaru
Qazlal
Ru
Sif Muna
Trog
Uskayaw
Vehumet
Wu Jian
Xom
Yredelemnul
Zin
The Shining One
Beogh
Jiyva
Lugonu

Annotations:
D Urug


Innate Abilities, Weirdness & Mutations

You cannot wear boots.
Your serpentine skin is tough. (AC +2)
You have supernaturally acute eyesight. (SInv)
Armour fits poorly on your strangely shaped body.
Your system is resistant to poisons. (rPois)
You cover ground very slowly.
You have a slow metabolism.
You can spit poison.


Message History

You feel drained.
* * * LOW HITPOINT WARNING * * *
A red film seems to cover your vision as you go berserk!
You feel yourself moving faster!
You feel mighty!
You are starving!
Urug hits you with a demon trident of draining!
* * * LOW HITPOINT WARNING * * *
You feel drained.
* * * LOW HITPOINT WARNING * * *
You barely miss Urug. You puncture Urug!
Urug is lightly wounded.
Urug hits you but does no damage.
You feel drained.
Unknown command.
You thump Urug!
Urug is moderately wounded.
You impale Urug!!
Urug is severely wounded.
Urug hits you with a demon trident of draining!
You die...

▓▓▓▓▓▓▓▓▓▓▓▓▓▓▓▓▓▓▓▓▓▓▓▓▓▓▓▓▓▓▓▓▓
)'(....('[....)|?.'______________
▓▓▓▓▓▓▓▓▓▓▓▓▓▓▓▓▓▓▓▓▓▓▓▓▓▓▓▓▓▓▓▓▓
...........((.(.@o......
▓▓▓▓▓▓▓▓▓▓▓▓▓▓▓▓▓▓▓▓▓▓▓▓


You could see Urug.

Vanquished Creatures
  An unseen horror (D)
  A manticore (D)
  A shadow (D)
  An ice beast (D)
  2 centaurs (D)
  A scorpion (D)
  A howler monkey (D)
  A hound (D)
  A worker ant (D)
  2 adders (D)
  A shadow imp (D)
  2 adder skeletons (D)
  2 orcs (D)
  A giant cockroach (D)
  A jackal (D)
  A kobold (D)
  2 rats (D)
22 creatures vanquished.

Notes
Turn   | Place    | Note
-------+----------+-------------------------------------------
     0 | D        | diana the Naga Berserker began the quest for the Orb.
     0 | D        | Reached XP level 1. HP: 21/21 MP: 1/1
    12 | D        | Reached ** piety under Trog
    22 | D        | HP: 1/31 [rat (2)]
   311 | D        | Noticed a centaur
   316 | D        | Reached XP level 2. HP: 20/30 MP: 2/2
   321 | D        | Reached *** piety under Trog
   321 | D        | Reached skill level 4 in Maces & Flails
   322 | D        | Reached XP level 3. HP: 25/37 MP: 3/3
   325 | D        | Killed a centaur
   325 | D        | Reached skill level 6 in Maces & Flails
   325 | D        | Reached XP level 4. HP: 27/48 MP: 4/4
   373 | D        | Found a roughly hewn altar of Beogh.
   373 | D        | Found a snail-covered altar of Cheibriados.
   373 | D        | Found a shadowy altar of Dithmenos.
   373 | D        | Found a white marble altar of Elyvilon.
   373 | D        | Found a blossoming altar of Fedhas.
   373 | D        | Found an opulent altar of Gozag.
   374 | D        | Found a hazy altar of Hepliaklqana.
   375 | D        | Found a viscous altar of Jiyva.
   376 | D        | Found an ancient bone altar of Kikubaaqudgha.
   377 | D        | Found a corrupted altar of Lugonu.
   378 | D        | Found a burning altar of Makhleb.
   379 | D        | Found a sparkling altar of Nemelex Xobeh.
   380 | D        | Found an iron altar of Okawaru.
   381 | D        | Found a stormy altar of Qazlal.
   382 | D        | Found a sacrificial altar of Ru.
   383 | D        | Found a deep blue altar of Sif Muna.
   384 | D        | Found a bloodstained altar of Trog.
   385 | D        | Found a hide-covered altar of Uskayaw.
   386 | D        | Found a radiant altar of Vehumet.
   387 | D        | Found an ornate altar of the Wu Jian Council.
   388 | D        | Found a shimmering altar of Xom.
   389 | D        | Found a basalt altar of Yredelemnul.
   390 | D        | Found a glowing silver altar of Zin.
   391 | D        | Found a glowing golden altar of the Shining One.
   483 | D        | Noticed an ice beast
   483 | D        | Noticed an unseen horror
   491 | D        | Reached **** piety under Trog
   491 | D        | Reached XP level 5. HP: 48/56 MP: 5/5
   496 | D        | Reached skill level 7 in Maces & Flails
   504 | D        | Killed an unseen horror
   504 | D        | Reached skill level 10 in Fighting
   504 | D        | Reached skill level 10 in Maces & Flails
   504 | D        | Reached skill level 5 in Dodging
   504 | D        | Reached XP level 6. HP: 45/72 MP: 6/6
   504 | D        | Reached XP level 7. HP: 50/79 MP: 7/7
   508 | D        | Reached ***** piety under Trog
   511 | D        | Reached skill level 11 in Maces & Flails
   639 | D        | Noticed a shadow
   639 | D        | Noticed a manticore
   645 | D        | Killed a manticore
   645 | D        | Reached skill level 5 in Armour
   645 | D        | Reached XP level 8. HP: 81/90 MP: 8/8
   653 | D        | Received a gift from Trog
   653 | D        | Reached skill level 12 in Maces & Flails
   660 | D        | Killed a shadow
   794 | D        | Noticed Urug
   802 | D        | HP: 5/135 [Urug/demon trident of draining (12)]
   806 | D        | Mangled by Urug

Skill      XL: |  1  2  3  4  5  6  7  8 |
---------------+-------------------------+-----
Dodging        | 2 3 5 6 |  6.2
Fighting       | 4 6 10 11 | 11.3
Maces & Flails | 4 6 10 11 12 | 12.4
Armour         | 2 4 5 |  5.4
Stealth        | |  0.2

Action                   |  1- 3 |  4- 6 |  7- 9 || total
-------------------------+-------+-------+-------++-------
Melee: Mace              |    29 |     1 |       ||    30
       Morningstar       |       |    18 |    24 ||    42
       Dire flail        |       |       |     5 ||     5
Invok: Berserk           |     2 |       |     2 ||     4
       Trog's Hand       |       |       |     2 ||     2
 Abil: Spit Poison       |     1 |       |       ||     1
  Eat: Chunk             |       |       |     1 ||     1
Armor: Animal skin       |     1 |       |       ||     1
       Scale mail        |       |     9 |    11 ||    20
Dodge: Dodged            |    17 |    12 |    12 ||    41
